 Dungeon Crawl Stone Soup version 0.21.0-22-g11d5b5247c (webtiles) character file.

11897 qwerty13 the Fighter (level 11, -2/101 HPs)
             Began as a Centaur Fighter on Jan 19, 2018.
             Was a High Priest of Okawaru.
             Slain by a black mamba (11 damage)
             ... on level 2 of the Lair of Beasts.
             The game lasted 00:59:26 (14826 turns).

qwerty13 the Fighter (Centaur Fighter)             Turns: 14826, Time: 00:59:27

Health: -2/101     AC: 11    Str: 22    XL:     11   Next: 55%
Magic:  4/11       EV:  8    Int:  7    God:    Okawaru [*****.]
Gold:   345        SH:  0    Dex:  9    Spells: 3/10 levels left

rFire    . . .     SeeInvis .   I - +2 bardiche (flame)
rCold    + . .     Gourm    .   (shield currently unavailable)
rNeg     . . .     Faith    .   b - +1 scale mail
rPois    .         Spirit   .   (no helmet)
rElec    .         Reflect  .   (no cloak)
rCorr    .         Harm     .   H - +0 pair of gloves {archery}
MR       .....                  (no barding)
Stlth    ..........             (no amulet)
HPRegen  0.26/turn              x - +2 ring of protection
MPRegen  0.12/turn              D - ring of protection from cold

@: lethally poisoned (-2 -> -7), very quick
A: large, hooves 3, deformed body, speed 2, tough skin 3
a: Heroism, Finesse, Renounce Religion


You were on level 2 of the Lair of Beasts.
You worshipped Okawaru.
Okawaru was extremely pleased with you.
You were near starving.

You visited 2 branches of the dungeon, and saw 13 of its levels.
You also visited: Ossuary.

You collected 686 gold pieces.
You spent 341 gold pieces at shops.

Inventory:

Hand Weapons
 a - a +0 war axe
 u - the +7 trident of Xom's Regard {antimagic, MR+++}
   (You found it on level 4 of the Dungeon)

   It reduces the magical energy of the wielder, and disrupts the spells and
   magical abilities of those hit.
   Natural abilities and divine invocations are not affected.
   It affects your resistance to hostile enchantments.
 I - a +2 bardiche of flaming (weapon)
Armour
 b - a +1 scale mail (worn)
 c - a +0 shield
 H - a +0 pair of gloves of archery (worn)
Jewellery
 x - a +2 ring of protection (left hand)
 D - a ring of protection from cold (right hand)
Wands
 n - a wand of random effects (71)
 v - a wand of iceblast (10)
 F - a wand of scattershot (5)
Scrolls
 h - 2 scrolls of blinking
 i - 3 scrolls of enchant weapon
 j - 2 scrolls of amnesia
 k - 4 scrolls of remove curse
 p - 3 scrolls of immolation
 s - 5 scrolls of enchant armour
 t - 5 scrolls of teleportation
 y - 2 scrolls of holy word
 z - 2 scrolls of fog
 A - a scroll of acquirement {unknown}
 B - 2 scrolls of silence {unknown}
 C - a scroll of magic mapping {unknown}
 E - 3 scrolls of vulnerability {unknown}
 J - a scroll of fear {unknown}
 K - 2 scrolls of identify
Potions
 d - 4 potions of might
 e - 5 potions of haste
 g - 3 potions of brilliance
 l - 4 potions of flight
 m - 4 potions of heal wounds
 o - a potion of agility
 q - 6 potions of lignification
 r - a potion of magic
 w - 2 potions of curing
 L - a potion of degeneration {unknown}
Miscellaneous
 G - a lightning rod (4/4)
Comestibles
 f - 33 rations


   Skills:
 - Level 10.4 Fighting
 - Level 3.5(7.1) Axes
 - Level 9.7(10.0) Polearms
 + Level 6.2 Armour
 - Level 2.4 Dodging
 - Level 5.9 Shields


You had 3 spell levels left.
You knew the following spells:

 Your Spells              Type           Power        Failure   Level  Hunger
a - Song of Slaying       Chrm           #.......     86%         2    ###....
b - Spectral Weapon       Hex/Chrm       #.......     98%         3    ####...
c - Blink                 Tloc           N/A          86%         2    ###....


Dungeon Overview and Level Annotations

Branches:
Dungeon (10/15)            Temple (0/1) D:5            Lair (3/6) D:9
  Swamp: Lair:2-4    Shoals: Lair:2-4     Snake: Lair:2-4    Spider: Lair:2-4
    Orc: D:9-12

Altars:
Cheibriados
Elyvilon
Gozag
Hepliaklqana
Kikubaaqudgha
Okawaru
Qazlal
Ru
Sif Muna
Trog
Uskayaw
Wu Jian
Yredelemnul

Shops:
D:5 =   D:6 *   D:9 :

Annotations:
D:7 2 transporters
D:9 silence defl m fighting manual
Lair:3 Gastronok


Innate Abilities, Weirdness & Mutations

You have hooves in place of feet.
Armour fits poorly on your strangely shaped body.
You cover ground very quickly.
You have extremely tough skin. (AC +3)


Message History

You miss the black mamba. Your kick misses the black mamba.
The black mamba bites you.
You are poisoned.
The black mamba poisons you!
The black mamba bites you but does no damage. x2
You closely miss the black mamba. Your kick misses the black mamba.
You feel sick. The black mamba closely misses you.
The black mamba barely misses you. The black mamba bites you!
* * * LOW HITPOINT WARNING * * *
Press: ? - help, v - describe, . - travel
Here: a black mamba The floor.
You feel better. The black mamba bites you!
* * * LOW HITPOINT WARNING * * *
You are poisoned.
The black mamba poisons you!
You barely miss the black mamba.
You feel sick. The black mamba bites you!
* * * LOW HITPOINT WARNING * * *
The black mamba bites you!
You die...

#...................
#######...................
##....##...................
#P.#.##....................
##.....#......[............
##.........................
#####P.....#...................
#.#.#..#.#.#...................
#............S@................
##...........≈≈≈≈..............
#............≈≈≈≈..............
#............≈≈≈≈..............
#P...........≈≈≈≈≈.............
##......<......P≈≈≈............
##.............P♣≈P..........##
#...............≈♣≈......(...#
##..........................###


You could see a black mamba.

Vanquished Creatures
  2 hydras (Lair:1)
  2 two-headed ogres
  Joseph (D:7)
  A spiny frog (Lair:2)
  2 centaur skeletons
  2 komodo dragons (Lair:1)
  2 trolls
  Grinder (D:4)
  4 hippogriffs
  A spriggan (D:10)
  Grum (D:9)
  2 wyverns
  3 yaks
  Menkaure (D:6)
  A water moccasin (Lair:1)
  Duvessa (D:7)
  5 orc warriors
  2 sky beasts
  A black bear (D:8)
  4 ice beasts
  A phantom (D:9)
  An eye of draining (D:10)
  3 wolves (D:9)
  4 centaurs
  A crocodile (Lair:1)
  A gnoll sergeant (D:5)
  11 bullfrogs
  4 water moccasin zombies (Ossuary)
  Dowan (D:7)
  4 scorpions
  8 wights
  4 howler monkeys
  4 electric eels
  3 crimson imps
  2 hounds
  A quasit (D:9)
  A bullfrog zombie (D:6)
  A centaur zombie (D:7)
  2 jellies
  A gnoll shaman (D:5)
  3 bullfrog skeletons (D:7)
  4 orc wizards
  3 orc priests
  An iguana (D:5)
  7 worker ants
  2 big kobold zombies (Ossuary)
  A hound skeleton (D:6)
  2 mummies (Ossuary)
  9 gnolls
  6 adders
  4 shadow imps
  3 adder zombies (Ossuary)
  2 worms
  A dart slug (D:1)
  7 leopard geckos
  11 orcs
  3 giant cockroaches
  6 gnoll zombies (Ossuary)
  5 goblins
  5 hobgoblins
  8 jackals
  5 kobolds
  5 quokkas
  9 bats
  5 frilled lizards
  7 kobold zombies (Ossuary)
  A leopard gecko skeleton (D:6)
  6 orc zombies (Ossuary)
  2 quokka skeletons (D:4)
  8 rats
  2 plants (D:3)
240 creatures vanquished.

Vanquished Creatures (others)
  4 fungi (Lair:1)
4 creatures vanquished.

Grand Total: 244 creatures vanquished

Notes
Turn   | Place    | Note
-------+----------+-------------------------------------------
     0 | D:1      | qwerty13 the Centaur Fighter began the quest for the Orb.
     0 | D:1      | Reached XP level 1. HP: 19/19 MP: 1/1
   268 | D:1      | Reached XP level 2. HP: 25/26 MP: 2/2
  1191 | D:2      | Reached XP level 3. HP: 28/31 MP: 3/3
  2014 | D:2      | Reached skill level 4 in Fighting
  2347 | D:3      | Reached XP level 4. HP: 35/40 MP: 4/4
  3020 | D:3      | Found an iron altar of Okawaru.
  3027 | D:3      | Became a worshipper of Warmaster Okawaru
  3561 | D:4      | Got a shimmering trident
  3577 | D:4      | Identified the +7 trident of Xom's Regard {antimagic, MR+++} (You found it on level 4 of the Dungeon)
  3652 | D:4      | Found a bloodstained altar of Trog.
  3661 | D:4      | Reached XP level 5. HP: 47/47 MP: 1/5
  3669 | D:4      | Reached skill level 1 in Polearms
  3718 | D:4      | HP: 2/47 [poisoned by a worker ant]
  4171 | D:4      | Noticed Grinder
  4211 | D:4      | Killed Grinder
  4211 | D:4      | Reached XP level 6. HP: 45/53 MP: 2/6
  4374 | D:4      | Found a snail-covered altar of Cheibriados.
  4584 | D:5      | Entered Level 5 of the Dungeon
  4601 | D:5      | Found Faev's Jewellery Boutique.
  4610 | D:5      | Bought a +2 ring of protection for 120 gold pieces
  4676 | D:5      | Reached * piety under Okawaru
  4781 | D:5      | Found a staircase to the Ecumenical Temple.
  4783 | D:5      | Found an ancient bone altar of Kikubaaqudgha.
  4946 | D:5      | Noticed a sky beast
  4954 | D:5      | Killed a sky beast
  4954 | D:5      | Reached skill level 5 in Fighting
  4954 | D:5      | Reached XP level 7. HP: 54/61 MP: 2/7
  5308 | D:5      | Reached skill level 5 in Polearms
  5614 | D:6      | Noticed Menkaure
  5626 | D:6      | Killed Menkaure
  5626 | D:6      | Reached ** piety under Okawaru
  5626 | D:6      | Reached skill level 6 in Fighting
  5657 | D:6      | You fall through a shaft for 3 floors!
  5669 | D:9      | Reached XP level 8. HP: 71/71 MP: 2/8
  5702 | D:9      | Noticed a troll
  5760 | D:9      | Killed a troll
  5836 | D:9      | Reached skill level 7 in Fighting
  5838 | D:9      | Noticed Grum
  5855 | D:9      | Reached skill level 1 in Dodging
  5859 | D:9      | Killed Grum
  5859 | D:9      | Reached *** piety under Okawaru
  6138 | D:9      | Found Ruthreh's Book Shoppe.
  6243 | D:8      | Noticed a dagger
  6243 | D:8      | Noticed a hand axe
  6256 | D:8      | Found a sand-covered staircase.
  6262 | Ossuary  | Entered an ossuary
  6349 | Ossuary  | Reached XP level 9. HP: 78/79 MP: 3/9
  6526 | D:7      | Noticed Dowan
  6527 | D:7      | Noticed Duvessa
  6821 | D:6      | Found a sacrificial altar of Ru.
  6900 | D:6      | Found Kiug's Assorted Antiques.
  6904 | D:6      | Bought a scroll of blinking for 195 gold pieces
  6904 | D:6      | Bought a scroll labeled OCLA EFYNGA for 26 gold pieces
  7300 | D:7      | Found a stormy altar of Qazlal.
  7300 | D:7      | Found a faded altar of an unknown god.
  7371 | D:7      | Found a deep blue altar of Sif Muna.
  7403 | D:7      | Found a basalt altar of Yredelemnul.
  7404 | D:7      | Found a faded altar of an unknown god.
  7480 | D:6      | Reached **** piety under Okawaru
  7597 | D:7      | Found a transporter.
  7610 | D:7      | Noticed a kobold demonologist
  7615 | D:7      | Found a transporter.
  7638 | D:7      | Found a hazy altar of Hepliaklqana.
  7638 | D:7      | Noticed Joseph
  7996 | D:7      | Killed Joseph
  7996 | D:7      | Reached skill level 8 in Fighting
  8312 | D:7      | Killed Dowan
  8359 | D:7      | Killed Duvessa
  8531 | D:7      | Found an ornate altar of the Wu Jian Council.
  8544 | D:7      | Noticed a troll
  8562 | D:7      | Killed a troll
  8732 | D:7      | Found an opulent altar of Gozag.
  9103 | D:8      | Reached ***** piety under Okawaru
  9103 | D:8      | Reached XP level 10. HP: 90/90 MP: 3/10
  9730 | D:8      | Found a hide-covered altar of Uskayaw.
  9850 | D:9      | Reached skill level 9 in Fighting
 10219 | D:9      | Found a white marble altar of Elyvilon.
 10303 | D:9      | Noticed a two-headed ogre
 10395 | D:8      | Killed a two-headed ogre
 10444 | D:9      | Learned a level 2 spell: Song of Slaying
 10448 | D:9      | Learned a level 3 spell: Spectral Weapon
 10881 | D:9      | Reached skill level 10 in Fighting
 11061 | D:9      | Learned a level 2 spell: Blink
 11126 | D:9      | Found a staircase to the Lair.
 11138 | D:10     | Entered Level 10 of the Dungeon
 11626 | D:10     | Got a spiked chain mail
 11637 | D:10     | Identified the cursed +0 chain mail of Amorality {rPois Int+3} (You found it on level 10 of the Dungeon)
 11724 | D:10     | Noticed a two-headed ogre
 11766 | D:9      | Killed a two-headed ogre
 12003 | D:10     | Received a gift from Okawaru
 12003 | D:10     | Reached XP level 11. HP: 101/101 MP: 3/11
 12188 | D:10     | Reached skill level 5 in Shields
 12419 | Lair:1   | Entered Level 1 of the Lair of Beasts
 12431 | Lair:1   | Noticed a four-headed hydra
 12447 | Lair:1   | Killed a one-headed hydra
 12799 | Lair:1   | Noticed a four-headed hydra
 12813 | Lair:1   | Killed a one-headed hydra
 12813 | Lair:1   | Reached skill level 5 in Armour
 13744 | Lair:2   | Received a gift from Okawaru
 14808 | Lair:3   | Noticed Gastronok
 14826 | Lair:2   | Slain by a black mamba

Skill      XL: |  1  2  3  4  5  6  7  8  9 10 11 |
---------------+----------------------------------+-----
Axes           | 2 3 |  3.5
Fighting       | 4 5 6 7 8 10 | 10.4
Polearms       | 4 5 6 8 9 |  9.7
Dodging        | 2 |  2.4
Shields        | 3 4 5 |  5.9
Armour         | 4 6 |  6.2

Action                   |  1- 3 |  4- 6 |  7- 9 | 10-12 || total
-------------------------+-------+-------+-------+-------++-------
Melee: War axe           |   137 |    37 |       |       ||   174
       Kick              |    23 |    22 |    54 |    45 ||   144
       Trident           |       |    62 |   314 |   172 ||   548
       Bardiche          |       |       |       |    86 ||    86
Invok: Heroism           |       |       |     4 |     2 ||     6
Evoke: Wand              |       |       |     9 |       ||     9
  Use: Scroll            |     2 |     9 |     3 |     7 ||    21
       Potion            |       |       |       |     2 ||     2
  Eat: Chunk             |     3 |     7 |    12 |    13 ||    35
Armor: Scale mail        |    72 |    21 |    61 |   135 ||   289
Dodge: Dodged            |    23 |    16 |    41 |    90 ||   170
Block: Shield            |    65 |     2 |    69 |    87 ||   223
